 Dungeon Crawl Stone Soup version 0.29-a0-866-g0545e20025 (webtiles) character file.

Game seed: 709635844786614190

260 Malachi the Ruffian (level 5, -5/50 HPs)
             Began as a Troll Monk on July 17, 2022.
             Slain by Crazy Yiuf
             ... wielding a +3 quarterstaff of chaos
              (9 damage)
             ... on level 3 of the Dungeon.
             The game lasted 00:01:58 (1468 turns).

Malachi the Ruffian (Troll Monk)                    Turns: 1468, Time: 00:01:58

Health: -5/50      AC:  6    Str: 21    XL:     5   Next: 95%
Magic:  4/4        EV: 10    Int:  6    God:
Gold:   96         SH:  0    Dex: 12    Spells: 4/4 levels left

rFire   + . .      SeeInvis .     - Unarmed
rCold   + . .      Faith    .   (no shield)
rNeg    . . .      Spirit   .   e - +2 robe {Will+}
rPois   +          Reflect  .   (helmet restricted)
rElec   +          Harm     .   (no cloak)
rCorr   +          Rampage  .   (gloves unavailable)
Will    +....                   (boots unavailable)
Stlth   ++........              (no amulet)
HPRegen 0.96/turn               (no ring)
MPRegen 0.09/turn               (no ring)

@: lethally poisoned (-5 -> -10), resistant
A: large, unfitting armour, claws 3, regeneration 1, shaggy fur 1, tough skin 1
a: no special abilities


You were on level 3 of the Dungeon.
You visited 1 branch of the dungeon, and saw 3 of its levels.

You collected 96 gold pieces.

Inventory:

Armour
 e - a +2 robe of willpower (worn)
Wands
 j - a wand of acid (3)
Scrolls
 a - a scroll of blinking {unknown}
 c - a scroll of teleportation {unknown}
 d - 2 scrolls of magic mapping {unknown}
 f - a scroll of fear {unknown}
 h - 4 scrolls of identify {unknown}
 i - a scroll of silence {unknown}
 l - a scroll of enchant weapon {unknown}
Potions
 b - a potion of ambrosia
 k - a potion of haste {unknown}


   Skills:
 - Level 2.4 Fighting
 - Level 2.4 Dodging
 - Level 1.0 Stealth
 + Level 6.7 Unarmed Combat


You had 4 spell levels left.
You didn't know any spells.
Your spell library contained the following spells:

 Spells                   Type           Power      Damage    Failure   Level
 Sandblast                Erth           0%         2d4       45%         1
 Passwall                 Tmut/Erth      0%         N/A       58%         2
 Confusing Touch          Hex            0%         N/A       83%         3
 Dazzling Flash           Conj/Hex       0%         N/A       83%         3
 Stone Arrow              Conj/Erth      0%         3d7       83%         3
 Iskenderun's Mystic Bla  Conj/Tloc      0%         2d3       99%         4
 Yara's Violent Unravell  Hex/Tmut       0%         3d3       100%        5
 Starburst                Conj/Fire      0%         6d3       100%        6
 Enfeeble                 Hex            0%         N/A       100%        7


Dungeon Overview and Level Annotations

Branches:
Dungeon (3/15)

Altars:
Fedhas

Annotations:
D:3 Crazy Yiuf


Innate Abilities, Weirdness & Mutations

You are too large for most types of armour.
You have claws for hands.
Your natural rate of healing is unusually fast.
You are covered in fur. (AC +1)
You have tough skin. (AC +1)


Message History

You see here a +0 hammer.
Found a hammer.
Crazy Yiuf shouts!
You see here a +0 hammer.
You see here the +7 hammer of Grandeur {freeze, rF+ Will+}.
Found three hammers.
You see here a +0 hammer.
You open the door. You closely miss Crazy Yiuf. Crazy Yiuf closely misses you.
You claw Crazy Yiuf!
Crazy Yiuf is heavily wounded.
Crazy Yiuf hits you with a +3 quarterstaff of chaos!
You closely miss Crazy Yiuf.
Crazy Yiuf is heavily wounded.
Crazy Yiuf cries, "You leg down broken song, no?"
Crazy Yiuf hits you with a +3 quarterstaff of chaos!
Crazy Yiuf freezes you.
You are too injured to fight recklessly!
You are too injured to fight recklessly!
You closely miss Crazy Yiuf.
Crazy Yiuf is heavily wounded.
Crazy Yiuf says, "Millenium!
Cards horse mobile."
Crazy Yiuf hits you with a +3 quarterstaff of chaos!
You are poisoned.
You completely miss Crazy Yiuf.
Crazy Yiuf is heavily wounded.
* * * LOW HITPOINT WARNING * * *
You feel very sick.
You barely miss Crazy Yiuf.
Crazy Yiuf is heavily wounded.
* * * LOW HITPOINT WARNING * * *
You feel very sick.
Crazy Yiuf hits you with a +3 quarterstaff of chaos.
* * * LOW HITPOINT WARNING * * *
It was a potion of resistance.
You feel protected.
* * * LOW HITPOINT WARNING * * *
You feel very sick.
Crazy Yiuf hits you with a +3 quarterstaff of chaos!
You die...

##### #).)#
#)))# ))) #g#
♣@♣♣ ♣♣)♣ ♣)♣♣
♣♣)♣ ♣♣)♣♣
♣♣..)♣ ######
♣....♣ #....#
#....#
#.#######....#


You could see Crazy Yiuf.

Vanquished Creatures
  3 jellies (D:2)
  3 orc wizards (D:3)
  Ijyb (D:3)
  A worm (D:2)
  A dart slug (D:1)
  6 orcs (D:3)
  5 ball pythons
  4 bats
  9 endoplasms (D:2)
  A giant cockroach (D:3)
  4 hobgoblins
  2 jackals (D:2)
  5 quokkas
  3 frilled lizards
  A goblin (D:1)
  7 kobolds
  3 rats
59 creatures vanquished.

Vanquished Creatures (others)
  6 fungi (D:2)
  26 toadstools
32 creatures vanquished.

Grand Total: 91 creatures vanquished

Notes
Turn   | Place    | Note
-------+----------+-------------------------------------------
     0 | D:1      | Malachi the Troll Monk began the quest for the Orb.
     0 | D:1      | Reached XP level 1. HP: 22/22 MP: 0/0
   277 | D:1      | Reached XP level 2. HP: 29/29 MP: 1/1
   469 | D:2      | Found a faded altar of an unknown god.
   539 | D:2      | Found a blossoming altar of Fedhas.
   554 | D:2      | Identified the +3 ring mail of Juvvaip {-Tele rN++ Will+
                  | Str+3}
   575 | D:2      | Reached skill level 4 in Unarmed Combat
   616 | D:2      | Reached XP level 3. HP: 24/36 MP: 2/2
   631 | D:2      | Reached skill level 5 in Unarmed Combat
   631 | D:2      | Reached XP level 4. HP: 16/44 MP: 3/3
   836 | D:2      | Reached XP level 5. HP: 50/50 MP: 4/4
  1158 | D:3      | Noticed Ijyb
  1178 | D:3      | Killed Ijyb
  1179 | D:3      | Reached skill level 6 in Unarmed Combat
  1457 | D:3      | Found a runed translucent door.
  1458 | D:3      | Noticed Crazy Yiuf
  1459 | D:3      | Identified the +7 hammer of Grandeur {freeze, rF+ Will+}
  1468 | D:3      | Slain by Crazy Yiuf

Illustrated notes

Levels and vault maps discovered:
D:1:      scummos_arrival_star, layout_basic
D:2:      cheibrodos_fertilizer, layout_basic, basic_ecumenical_altar,
          basic_altar
D:3:      layout_loops_cross, tgw_fedhas, zin_scriptorium,
          kennysheep_decorative_pillar, nicolae_kite_square_tiling_tiny,
          uniq_ijyb, uniq_crazy_yiuf_cottage, uniq_natasha

Skill      XL: |  1  2  3  4  5 |
---------------+----------------+-----
Unarmed Combat | 4 5 6 |  6.7
Fighting       | |  2.4
Dodging        | |  2.4
Stealth        | |  1.0

Action                   |  1- 3 |  4- 6 || total
-------------------------+-------+-------++-------
Melee: Unarmed           |    51 |    69 ||   120
       Punch             |     2 |       ||     2
  Use: Potion            |       |     1 ||     1
 Stab: Sleeping          |       |     2 ||     2
Armor: Robe              |     9 |    27 ||    36
Dodge: Dodged            |    20 |    22 ||    42

Table legend: (Time is in decaauts)
 A = Elapsed time spent in this place.
 B = Non-inter-level travel time spent in this place.
 C = Inter-level travel time spent in this place.
 D = Time resting spent in this place.
 E = Time spent auto-exploring this place.
 F = Levels seen in this place.
 G = Mean time per level.
                   A        B        C        D        E       F      G
               +--------+--------+--------+--------+--------+-----+--------+
         Total |   1456 |   1417 |     39 |    124 |    940 |   3 |  485.3 |
       Dungeon |   1456 |   1417 |     39 |    124 |    940 |   3 |  485.3 |
               +--------+--------+--------+--------+--------+-----+--------+

Top non-repeatable levels by time:
     D:2: 667 daAuts
     D:1: 441 daAuts
     D:3: 347 daAuts
